[Event "Norwegian Team Championship 2019"]
[Site "Drammen"]
[Date "2019.05.30"]
[Round "1.3"]
[White "Hauge, Lars Oskar"]
[Black "Bjorkly, Sara Marie Skaug"]
[Result "1-0"]
[ECO "B23"]
[WhiteElo "2470"]
[BlackElo "1356"]
[Annotator "ChessBase"]
[PlyCount "51"]
[EventDate "2019.05.30"]
[EventType "swiss"]
[EventCountry "NOR"]
[SourceTitle "playchess.com"]
[Source "ChessBase"]
[SourceQuality "1"]
[TimeControl "40/5400:1800"]

1. e4 c5 2. Nc3 Nc6 3. f4 g6 4. Nf3 Bg7 5. Bb5 e6 6. Bxc6 bxc6 7. O-O Ne7 8. d3 d5 9. Qe1 h5 10. Na4 c4 11. dxc4 Ba6 12. Ne5 dxc4 13. Nc5 Bc8 14. Be3 a5 15. Rd1 Qc7 16. Nxc4 O-O 17. Qf2 a4 18. Bd4 f5 19. Bxg7 Kxg7 20. Rd6 Qa7 21. Rfd1 Qb8 22. Qd4+ Kh6 23. Rd8 Rf7 24. Nd6 Rg7 25. Rh8+ Rh7 26. Nf7# 1-0

[Event "Norwegian Team Championship 2019"]
[Site "Drammen"]
[Date "2019.05.30"]
[Round "1.4"]
[White "Lohne, Morten"]
[Black "Galinsky, Timofey"]
[Result "0-1"]
[ECO "C01"]
[WhiteElo "1372"]
[BlackElo "2382"]
[Annotator "ChessBase"]
[PlyCount "50"]
[EventDate "2019.05.30"]
[EventType "swiss"]
[EventCountry "NOR"]
[SourceTitle "playchess.com"]
[Source "ChessBase"]
[SourceQuality "1"]
[TimeControl "40/5400:1800"]

1. e4 e6 2. d4 d5 3. exd5 exd5 4. Nf3 Nc6 5. Nc3 Be7 6. Bf4 a6 7. h3 Nf6 8. Bd3 Nb4 9. O-O O-O 10. Re1 Re8 11. Ne5 Be6 12. Ne2 c5 13. c3 Nxd3 14. Qxd3 c4 15. Qc2 Qc8 16. Ng3 b5 17. Re3 a5 18. Rae1 Ra6 19. Bg5 Ng4 20. Nxg4 Bxg5 21. Re5 Bf4 22. Rh5 h6 23. Nf5 Bxf5 24. Rxe8+ Qxe8 25. Qd1 Re6 0-1

[Event "Norwegian Team Championship 2019"]
[Site "Drammen"]
[Date "2019.05.30"]
[Round "1.5"]
[White "Haugsdal, Arn-Tore"]
[Black "Gandrud, Vegar Koi"]
[Result "0-1"]
[ECO "B86"]
[WhiteElo "1994"]
[BlackElo "2325"]
[Annotator "ChessBase"]
[PlyCount "42"]
[EventDate "2019.05.30"]
[EventType "swiss"]
[EventCountry "NOR"]
[SourceTitle "playchess.com"]
[Source "ChessBase"]
[SourceQuality "1"]
[TimeControl "40/5400:1800"]

1. e4 c5 2. Nf3 d6 3. d4 cxd4 4. Nxd4 Nf6 5. Nc3 a6 6. Bc4 e6 7. a4 Be7 8. h4 O-O 9. Rh3 d5 10. Bb3 dxe4 11. Rg3 e5 12. Bh6 Ne8 13. Qh5 Bxh4 14. Nd5 Kh8 15. O-O-O gxh6 16. Qxh6 Rg8 17. Kb1 Bxg3 18. fxg3 exd4 19. Nb6 Qd6 20. Qxd6 Nxd6 21. Nxa8 Nc6 0-1

[Event "Norwegian Team Championship 2019"]
[Site "Drammen"]
[Date "2019.05.30"]
[Round "1.6"]
[White "Storme, Isak"]
[Black "Birkestrand, Odd"]
[Result "1-0"]
[ECO "C26"]
[WhiteElo "2309"]
[BlackElo "1709"]
[Annotator "ChessBase"]
[PlyCount "67"]
[EventDate "2019.05.30"]
[EventType "swiss"]
[EventCountry "NOR"]
[SourceTitle "playchess.com"]
[Source "ChessBase"]
[SourceQuality "1"]
[TimeControl "40/5400:1800"]

1. e4 e5 2. Nc3 Nc6 3. g3 Nf6 4. Bg2 Be7 5. d3 O-O 6. f4 d6 7. Nf3 a6 8. O-O exf4 9. Bxf4 Rb8 10. d4 Bg4 11. h3 Bh5 12. Kh1 Re8 13. Qd2 Bg6 14. Rae1 Nh5 15. Nd5 Nxf4 16. gxf4 Bh5 17. Rg1 Rc8 18. f5 h6 19. Qf4 Bg5 20. Nxg5 hxg5 21. Qf2 f6 22. h4 g4 23. Nf4 Bf7 24. c3 Kf8 25. Qg3 Ke7 26. Qxg4 Rh8 27. Bh3 Qd7 28. Qxg7 Rcg8 29. Ng6+ Ke8 30. Qxf6 Bxg6 31. Rxg6 Qh7 32. Reg1 Rf8 33. Qe6+ Ne7 34. f6 1-0

[Event "Norwegian Team Championship 2019"]
[Site "Drammen"]
[Date "2019.05.30"]
[Round "1.7"]
[White "Birkestrand, Odd H"]
[Black "Ranaldi, Lucas"]
[Result "0-1"]
[ECO "D02"]
[WhiteElo "1609"]
[BlackElo "2237"]
[Annotator "ChessBase"]
[PlyCount "44"]
[EventDate "2019.05.30"]
[EventType "swiss"]
[EventCountry "NOR"]
[SourceTitle "playchess.com"]
[Source "ChessBase"]
[SourceQuality "1"]
[TimeControl "40/5400:1800"]

1. d4 Nf6 2. Bf4 d5 3. e3 c5 4. c3 Nc6 5. Bd3 e6 6. Nf3 Bd6 7. Bg3 O-O 8. Nbd2 b6 9. Ne5 Bb7 10. f4 Ne7 11. Ndf3 Nf5 12. Bf2 Be7 13. g4 Nd6 14. g5 Nfe4 15. Bg3 Rc8 16. Rg1 b5 17. Nd2 b4 18. c4 Nxd2 19. Bxh7+ Kxh7 20. Qh5+ Kg8 21. g6 fxg6 22. Nxg6 Rf5 0-1

[Event "Norwegian Team Championship 2019"]
[Site "Drammen"]
[Date "2019.05.30"]
[Round "1.8"]
[White "Vitenberg, Noam Aviv"]
[Black "Larsen, Kasper"]
[Result "1-0"]
[ECO "D07"]
[WhiteElo "2256"]
[BlackElo "1827"]
[Annotator "ChessBase"]
[PlyCount "35"]
[EventDate "2019.05.30"]
[EventType "swiss"]
[EventCountry "NOR"]
[SourceTitle "playchess.com"]
[Source "ChessBase"]
[SourceQuality "1"]
[TimeControl "40/5400:1800"]

1. Nf3 Nc6 2. d4 d5 3. c4 Nf6 4. cxd5 Nxd5 5. e4 Nf6 6. Be2 e6 7. Nc3 Bb4 8. Qd3 O-O 9. Bg5 h6 10. Be3 Re8 11. O-O Bf8 12. Rac1 a6 13. Rfd1 Bd7 14. h3 Rc8 15. a3 Ne7 16. b4 Ng6 17. Ne5 Nxe5 18. dxe5 1-0

[Event "Norwegian Team Championship 2019"]
[Site "Drammen"]
[Date "2019.05.30"]
[Round "1.9"]
[White "Nilsen, Joachim Birger"]
[Black "Hamre, Kenneth"]
[Result "1-0"]
[ECO "A30"]
[WhiteElo "2401"]
[BlackElo "2033"]
[Annotator "ChessBase"]
[PlyCount "55"]
[EventDate "2019.05.30"]
[EventType "swiss"]
[EventCountry "NOR"]
[SourceTitle "playchess.com"]
[Source "ChessBase"]
[SourceQuality "1"]
[TimeControl "40/5400:1800"]

1. c4 e6 2. Nf3 Nf6 3. g3 b6 4. Bg2 Bb7 5. O-O c5 6. d4 cxd4 7. Qxd4 Nc6 8. Qf4 d6 9. Rd1 Be7 10. Nc3 O-O 11. b3 e5 12. Qd2 Qd7 13. Ba3 Rad8 14. e4 h6 15. Qe2 a6 16. Rd2 Qc7 17. Rc1 Nb8 18. Rdc2 Nbd7 19. Nd5 Nxd5 20. cxd5 Qb8 21. Bh3 Nc5 22. b4 Na4 23. b5 a5 24. Nxe5 Bg5 25. f4 dxe5 26. fxg5 Rfe8 27. gxh6 g6 28. Qf2 1-0

[Event "Norwegian Team Championship 2019"]
[Site "Drammen"]
[Date "2019.05.30"]
[Round "1.10"]
[White "Bjornes, Leif"]
[Black "Stokke, Kjetil"]
[Result "0-1"]
[ECO "D29"]
[WhiteElo "1899"]
[BlackElo "2343"]
[Annotator "ChessBase"]
[PlyCount "72"]
[EventDate "2019.05.30"]
[EventType "swiss"]
[EventCountry "NOR"]
[SourceTitle "playchess.com"]
[Source "ChessBase"]
[SourceQuality "1"]
[TimeControl "40/5400:1800"]

1. d4 d5 2. c4 dxc4 3. Nf3 Nf6 4. e3 e6 5. Bxc4 c5 6. O-O a6 7. Nc3 b5 8. Bb3 Bb7 9. Qe2 Nbd7 10. Rd1 Qb8 11. d5 e5 12. e4 c4 13. Bc2 Bd6 14. Bg5 h6 15. Bh4 Nh5 16. Bg3 g5 17. Kh1 Qd8 18. Nd2 Nf4 19. Bxf4 exf4 20. Nf3 Be5 21. Nd4 Bxd4 22. Rxd4 Ne5 23. Rad1 Qd6 24. Nb1 Bc8 25. b3 cxb3 26. Bxb3 Bd7 27. Rc1 Kf8 28. Rd2 f3 29. gxf3 g4 30. f4 Nf3 31. e5 Qg6 32. Rd3 Bf5 33. Rxf3 gxf3 34. Qf1 Bd3 35. Qg1 Qh5 36. Qd1 Qh3 0-1

[Event "Norwegian Team Championship 2019"]
[Site "Drammen"]
[Date "2019.05.30"]
[Round "1.11"]
[White "Gullaksen, Eirik"]
[Black "Syrrist, Guttorm Strande"]
[Result "1-0"]
[ECO "D10"]
[WhiteElo "2327"]
[BlackElo "1535"]
[Annotator "ChessBase"]
[PlyCount "81"]
[EventDate "2019.05.30"]
[EventType "swiss"]
[EventCountry "NOR"]
[SourceTitle "playchess.com"]
[Source "ChessBase"]
[SourceQuality "1"]
[TimeControl "40/5400:1800"]

1. d4 d5 2. c4 c6 3. cxd5 cxd5 4. Bf4 Bf5 5. Nc3 e6 6. e3 a6 7. Nf3 Bd6 8. Ne5 Nf6 9. Qa4+ Ke7 10. Be2 Nbd7 11. Nxf7 Kxf7 12. Bxd6 Nb6 13. Qb4 a5 14. Qa3 Nc4 15. Bxc4 dxc4 16. Be5 Qd7 17. Qd6 Qxd6 18. Bxd6 Ne4 19. Nxe4 Bxe4 20. f3 Bd3 21. a4 Ra6 22. Bc5 Rb8 23. Kd2 b5 24. axb5 Rxb5 25. b4 Kf6 26. Ra4 e5 27. Rha1 Ke6 28. Rxa5 Raxa5 29. Rxa5 Rxa5 30. bxa5 Bg6 31. Kc3 exd4+ 32. Bxd4 Kd5 33. a6 Kc6 34. a7 Kb7 35. Kxc4 Bf7+ 36. Kc5 g6 37. Kd6 Bc4 38. e4 Bf1 39. e5 Bxg2 40. e6 Bxf3 41. a8=Q+ 1-0

[Event "Norwegian Team Championship 2019"]
[Site "Drammen"]
[Date "2019.05.30"]
[Round "1.12"]
[White "Moller, Sveinung"]
[Black "Gabrielsen, Stig"]
[Result "0-1"]
[ECO "A72"]
[WhiteElo "1485"]
[BlackElo "2279"]
[Annotator "ChessBase"]
[PlyCount "72"]
[EventDate "2019.05.30"]
[EventType "swiss"]
[EventCountry "NOR"]
[SourceTitle "playchess.com"]
[Source "ChessBase"]
[SourceQuality "1"]
[TimeControl "40/5400:1800"]

1. d4 Nf6 2. c4 c5 3. d5 e6 4. Nf3 exd5 5. cxd5 d6 6. Nc3 g6 7. Bg5 h6 8. Bh4 Bg7 9. e4 O-O 10. Be2 Re8 11. Qc2 a6 12. a4 Bg4 13. h3 Bxf3 14. Bxf3 Nbd7 15. O-O Rc8 16. Rae1 c4 17. Bg4 Qc7 18. Bxd7 Nxd7 19. f4 Nc5 20. Bf2 Nd3 21. Re3 Nxf4 22. Rf3 Nd3 23. Bg3 Qb6+ 24. Kh1 Rf8 25. Rb1 Ne5 26. Bxe5 Bxe5 27. Rbf1 Rc7 28. g4 Re7 29. h4 Kg7 30. Kg2 Qd4 31. Rd1 Qc5 32. Ra1 Qc8 33. Kh3 h5 34. Qg2 Rh8 35. Raf1 hxg4+ 36. Qxg4 Rxh4+ 0-1

[Event "Norwegian Team Championship 2019"]
[Site "Drammen"]
[Date "2019.05.30"]
[Round "1.14"]
[White "Altarbosh, Ward"]
[Black "Hovden, Hans"]
[Result "1-0"]
[ECO "B00"]
[WhiteElo "2250"]
[BlackElo "1817"]
[Annotator "ChessBase"]
[PlyCount "95"]
[EventDate "2019.05.30"]
[EventType "swiss"]
[EventCountry "NOR"]
[SourceTitle "playchess.com"]
[Source "ChessBase"]
[SourceQuality "1"]
[TimeControl "40/5400:1800"]

1. e4 b6 2. d4 Bb7 3. Nc3 Nf6 4. e5 Ne4 5. Nf3 e6 6. Bd3 Bb4 7. O-O Nxc3 8. bxc3 Be7 9. Qe2 Nc6 10. Qe4 d5 11. exd6 Qxd6 12. Bf4 Qd7 13. Bb5 O-O 14. a4 a6 15. Bd3 g6 16. Bh6 Rfe8 17. Rfe1 Bf8 18. Bxf8 Rxf8 19. Qh4 f6 20. Qh3 Rae8 21. Re4 Nd8 22. Rh4 Rf7 23. Bxg6 Rg7 24. Bxe8 Qxe8 25. Rg4 Qc6 26. Rxg7+ Kxg7 27. Re1 Qxc3 28. Qg4+ Kf8 29. Qf4 Bxf3 30. Qxf6+ Nf7 31. Qxe6 Bh5 32. h3 Qxd4 33. Qe7+ Kg7 34. Qxc7 Qxa4 35. Qc3+ Kf8 36. Re6 Qf4 37. Rf6 Qg5 38. f4 Qc5+ 39. Qxc5+ bxc5 40. g4 a5 41. gxh5 Ke7 42. Ra6 Nd6 43. Rxa5 c4 44. Ra7+ Ke6 45. Rxh7 Kf5 46. Rd7 Ke6 47. Rxd6+ Kxd6 48. Kf2 1-0

[Event "Norwegian Team Championship 2019"]
[Site "Drammen"]
[Date "2019.05.30"]
[Round "1.15"]
[White "Steinkellner, Rudolf"]
[Black "Dolzhikova, Olga"]
[Result "0-1"]
[ECO "B06"]
[WhiteElo "1699"]
[BlackElo "2210"]
[Annotator "ChessBase"]
[PlyCount "62"]
[EventDate "2019.05.30"]
[EventType "swiss"]
[EventCountry "NOR"]
[SourceTitle "playchess.com"]
[Source "ChessBase"]
[SourceQuality "1"]
[TimeControl "40/5400:1800"]

1. e4 g6 2. Nf3 Bg7 3. Bc4 c6 4. O-O d5 5. exd5 cxd5 6. Bb5+ Nc6 7. c3 Nf6 8. Ne5 Qc7 9. d4 O-O 10. Nxc6 bxc6 11. Be2 c5 12. dxc5 Qxc5 13. Be3 Qc7 14. Nd2 a5 15. Qa4 Bd7 16. Qh4 Rab8 17. Bf4 e5 18. Bg5 Rxb2 19. Nf3 Ne4 20. Bd3 Nxg5 21. Nxg5 h6 22. Nh3 Qxc3 23. Ba6 Rb4 24. Qg3 Qxg3 25. fxg3 e4 26. Rac1 d4 27. Nf4 Bb5 28. Bxb5 Rxb5 29. Rc4 Rfb8 30. Rfc1 Rb1 31. Ne2 Rxc1+ 0-1

[Event "Norwegian Team Championship 2019"]
[Site "Drammen"]
[Date "2019.05.30"]
[Round "1.16"]
[White "Svensen, Tarjei Joten"]
[Black "Tevasvoll, Svein"]
[Result "1-0"]
[ECO "E43"]
[WhiteElo "2056"]
[BlackElo "1394"]
[Annotator "NA"]
[PlyCount "73"]
[EventDate "2019.05.30"]
[EventType "swiss"]
[EventCountry "NOR"]
[SourceTitle "playchess.com"]
[Source "ChessBase"]
[SourceQuality "1"]
[TimeControl "40/5400:1800"]

1. d4 Nf6 2. c4 e6 3. Nc3 Bb4 4. e3 b6 5. Nf3 Bb7 6. Bd3 O-O 7. Qc2 g6 8. Bd2 d5 9. cxd5 Nxd5 10. a3 Be7 11. O-O Bf6 12. e4 Nxc3 13. Bxc3 Nd7 14. Rfd1 Bg7 15. b4 Re8 16. Rac1 Rc8 17. Bb2 Nf6 18. Ne5 c6 19. Qe2 Nd7 20. f4 Nxe5 21. dxe5 Qe7 22. Bc4 Red8 23. f5 Bh6 24. fxe6 Kf8 25. Rf1 Rd2 26. Qg4 Be3+ 27. Kh1 Rf2 28. Rxf2 Bxf2 29. Rf1 fxe6 30. Bxe6 Kg7 31. Bxc8 Bxc8 32. Qxc8 Bh4 33. e6+ Kh6 34. Qxc6 Qd8 35. Qd5 Qc7 36. Bc1+ Kg7 37. Rf7+ 1-0

[Event "Norwegian Team Championship 2019"]
[Site "Drammen"]
[Date "2019.05.30"]
[Round "1.18"]
[White "Bernstein, Jonas August"]
[Black "Stenersen, Gudmund"]
[Result "0-1"]
[ECO "D35"]
[WhiteElo "1766"]
[BlackElo "2183"]
[Annotator "ChessBase"]
[PlyCount "54"]
[EventDate "2019.05.30"]
[EventType "swiss"]
[EventCountry "NOR"]
[SourceTitle "playchess.com"]
[Source "ChessBase"]
[SourceQuality "1"]
[TimeControl "40/5400:1800"]

1. d4 d5 2. c4 e6 3. Nc3 Nf6 4. cxd5 exd5 5. Bg5 Be7 6. e3 c6 7. Bd3 Nbd7 8. Nf3 Nf8 9. Ne5 Ne6 10. Bh4 Nd7 11. Bxe7 Qxe7 12. Nxd7 Bxd7 13. O-O O-O 14. Qh5 Ng5 15. h4 Ne4 16. Rac1 f5 17. Bxe4 fxe4 18. g3 Bh3 19. Rfe1 Qd7 20. Qe2 Rf3 21. Nd1 Raf8 22. a3 Qg4 23. Kh2 g5 24. hxg5 Qh5 25. Kg1 Bg4 26. Qd2 Qh3 27. Qb4 R3f5 0-1

[Event "Norwegian Team Championship 2019"]
[Site "Drammen"]
[Date "2019.05.30"]
[Round "1.19"]
[White "Danielsen, Magnus"]
[Black "Grindbakken, Erik"]
[Result "1-0"]
[ECO "C00"]
[WhiteElo "2069"]
[BlackElo "1675"]
[Annotator "NA"]
[PlyCount "103"]
[EventDate "2019.05.30"]
[EventType "swiss"]
[EventCountry "NOR"]
[SourceTitle "playchess.com"]
[Source "ChessBase"]
[SourceQuality "1"]
[TimeControl "40/5400:1800"]

1. e4 e6 2. f4 c5 3. Nf3 Nc6 4. c3 d5 5. e5 Nh6 6. Na3 a6 {[%emt 0:03:18] C00: French: Unusual White 2nd moves} (6... Nf5 7. Nc2 Be7 8. d4 Bd7 9. Bd3 g6 10. O-O cxd4 11. Bxf5 gxf5 12. Ncxd4 Qb6 13. Rf2 Na5 14. b3 Rc8 {0-1 (45) Izoria,Z (2603)-Smirnov,A (2569) chess.com INT 2019}) 7. Nc2 b5 8. d4 Be7 9. dxc5 $146 ({Predecessor:} 9. g3 Qb6 10. Bh3 Bd7 11. Be3 a5 12. O-O Rc8 13. Qe2 {1-0 (52) Rothebarth,A (2012)-Silva,L (1800) Cuiaba 2012}) 9... Bxc5 10. Be3 Be7 11. Qd2 Nf5 12. Bf2 Rb8 13. b4 f6 14. Ncd4 Nfxd4 15. Bxd4 O-O 16. Bd3 Nxd4 17. cxd4 Bd7 18. O-O Rc8 19. Rac1 Qb6 20. a3 Rxc1 21. Rxc1 Rc8 22. Rxc8+ Bxc8 23. Qc2 Bd7 24. Bxh7+ Kf8 25. exf6 Bxf6 26. Qc3 Ke7 27. Bb1 Kd8 28. Kf2 Qc7 29. Qxc7+ Kxc7 30. Ke3 a5 31. Ne5 Be7 32. Nd3 axb4 33. axb4 g5 34. g3 Be8 35. Nc5 Kd6 36. Bh7 Bf7 37. Nd3 Kc7 38. h3 Kd8 39. Ne5 Be8 40. Nd3 Bf7 $1 41. Ne5 Be8 42. fxg5 $16 Bxg5+ 43. Kd3 Be7 44. Kc3 Bf8 45. Bg6 Bd7 $2 (45... Bxg6 46. Nxg6 Bd6) 46. g4 Bg7 47. g5 Ke7 48. h4 Kd6 49. h5 Bxe5 50. dxe5+ Kxe5 51. h6 d4+ 52. Kd2 1-0

[Event "Norwegian Team Championship 2019"]
[Site "Drammen"]
[Date "2019.05.30"]
[Round "1.20"]
[White "Marosevic, Tomislav"]
[Black "Bryn, Askild"]
[Result "0-1"]
[ECO "A48"]
[WhiteElo "1613"]
[BlackElo "2024"]
[Annotator "NA RC"]
[PlyCount "114"]
[EventDate "2019.05.30"]
[EventType "swiss"]
[EventCountry "NOR"]
[SourceTitle "playchess.com"]
[Source "ChessBase"]
[SourceQuality "1"]
[TimeControl "40/5400:1800"]

1. d4 d6 2. Nf3 Nd7 3. e4 g6 4. Bg5 c6 5. Nbd2 Bg7 6. c3 Qc7 7. Bc4 Ngf6 8. O-O O-O 9. Re1 {[%emt 0:00:18] A48: 1 d4 Nf6 2 Nf3 g6: Torre, London and Colle Systems} (9. a4 h6 10. Be3 e5 11. Ba2 Re8 12. Qc2 Nf8 13. dxe5 dxe5 14. Nc4 Bg4 15. Nh4 Nh5 16. Bc5 Qd8 {½-½ (96) Ivanovic,L (2069)-Livaja,M (2295) Kragujevac 2018}) 9... e5 10. Qc2 h6 11. Bxf6 $146 ({Predecessor:} 11. Bh4 g5 12. dxe5 dxe5 13. Bg3 Nh5 14. Rad1 b5 15. Be2 Nxg3 16. hxg3 {0-1 (60) Luna,M-Balogh,T Bratislava 1993}) 11... Nxf6 12. Rad1 b5 13. dxe5 dxe5 14. Bb3 Qe7 15. c4 b4 16. Nf1 Bg4 17. Rd3 Nd7 18. Qd2 a5 19. Ba4 Nc5 20. Bxc6 Nxd3 21. Qxd3 Rac8 22. Bd5 Be6 23. Ne3 Rfd8 24. Rd1 Kh7 25. Qe2 Qf6 26. b3 h5 27. Bxe6 fxe6 28. Ne1 Rxd1 29. Qxd1 Qd8 30. Qc2 Qd4 31. Nf3 Qa1+ 32. Nf1 Bf6 33. Qd2 Rd8 34. Qe3 Rd1 35. Qe2 Rc1 36. Qd3 Rd1 37. Qe2 Rd7 38. Qc2 $2 (38. c5 $17 {keeps fighting.}) 38... g5 39. h3 Qc3 40. Qe2 Qd3 41. Nxg5+ Kg6 42. Qxd3 Rxd3 43. Nxe6 Rd1 44. f4 (44. Nc5 $142) 44... Ra1 45. f5+ Kf7 46. g4 Rxa2 47. g5 a4 48. gxf6 (48. bxa4 $142 b3 49. gxf6) 48... Ra1 $2 (48... axb3 $19 49. Nc5 b2) 49. Nd8+ $2 (49. bxa4 $11 b3 50. Ng5+ Kxf6 51. Nf3) 49... Kxf6 50. Nc6 axb3 51. Nxb4 Rd1 $2 (51... b2 52. Nd5+ Kg5) 52. Nd5+ Kf7 53. Kf2 $19 (53. Nc3 b2 54. Nxd1) 53... b2 54. Nc3 Rc1 55. Nd2 Rxc3 56. Ke1 Rc1+ 57. Ke2 Rc2 0-1

[Event "Norwegian Team Championship 2019"]
[Site "Drammen"]
[Date "2019.05.31"]
[Round "2.3"]
[White "Eriksen, Lars Erik"]
[Black "Getz, Nicolai"]
[Result "0-1"]
[ECO "B07"]
[WhiteElo "1923"]
[BlackElo "2380"]
[Annotator "ChessBase"]
[PlyCount "90"]
[EventDate "2019.05.30"]
[EventType "swiss"]
[EventCountry "NOR"]
[SourceTitle "playchess.com"]
[Source "ChessBase"]
[SourceQuality "1"]
[TimeControl "40/5400:1800"]

1. e4 d6 2. d4 Nf6 3. Nc3 e5 4. dxe5 dxe5 5. Qxd8+ Kxd8 6. Bg5 c6 7. f4 h6 8. Bh4 exf4 9. Bxf6+ gxf6 10. Nge2 Bd6 11. O-O-O Ke7 12. Nd4 Rg8 13. Kb1 Be5 14. Nf5+ Bxf5 15. exf5 Bxc3 16. bxc3 Nd7 17. Rd4 Ne5 18. Rxf4 Rad8 19. Kc1 Rd5 20. g3 Rc5 21. Rb4 b6 22. Rh4 Rxc3 23. Rxh6 Rg4 24. Be2 Ra4 25. Kb2 Re3 26. Bd3 Nxd3+ 27. cxd3 Re2+ 28. Kb3 Raxa2 29. Re1 Rxe1 30. Kxa2 Rd1 31. Rh8 Rxd3 32. g4 Rd4 33. Rc8 c5 34. h3 Rd2+ 35. Kb3 Rd3+ 36. Kc2 Rxh3 37. Rc7+ Kf8 38. Rxa7 c4 39. Ra8+ Kg7 40. Rc8 b5 41. Rc5 Rb3 42. Rc7 b4 43. Rb7 Rc3+ 44. Kb2 Rg3 45. Rxb4 Rb3+ 0-1

[Event "Norwegian Team Championship 2019"]
[Site "Drammen"]
[Date "2019.05.31"]
[Round "2.4"]
[White "Galinsky, Timofey"]
[Black "Andersen, Dag"]
[Result "1-0"]
[ECO "A07"]
[WhiteElo "2382"]
[BlackElo "1845"]
[Annotator "ChessBase"]
[PlyCount "73"]
[EventDate "2019.05.30"]
[EventType "swiss"]
[EventCountry "NOR"]
[SourceTitle "playchess.com"]
[Source "ChessBase"]
[SourceQuality "1"]
[TimeControl "40/5400:1800"]

1. Nf3 d5 2. d3 Nf6 3. g3 c6 4. Bg2 g6 5. Nbd2 Bg7 6. e4 dxe4 7. dxe4 Qc7 8. O-O O-O 9. Qe2 c5 10. Nc4 Bg4 11. h3 Bxf3 12. Bxf3 Nfd7 13. Bg2 Nc6 14. c3 Rad8 15. f4 a6 16. a4 e6 17. a5 Rfe8 18. Be3 Bf8 19. g4 Ncb8 20. g5 b5 21. axb6 Nxb6 22. Ne5 h5 23. gxh6 Bxh6 24. h4 N6d7 25. Nc4 Nf6 26. e5 Nh5 27. Qf2 Bf8 28. Be4 Rd7 29. Kh2 Be7 30. Rg1 Ng7 31. Qf3 Red8 32. h5 gxh5 33. Qxh5 f5 34. Rxg7+ Kxg7 35. Rg1+ Kf8 36. Qh8+ Kf7 37. Rg7# 1-0

[Event "Norwegian Team Championship 2019"]
[Site "Drammen"]
[Date "2019.05.31"]
[Round "2.5"]
[White "Madsen, Dag"]
[Black "Haldorsen, Benjamin"]
[Result "0-1"]
[ECO "D24"]
[WhiteElo "2262"]
[BlackElo "2437"]
[Annotator "ChessBase"]
[PlyCount "66"]
[EventDate "2019.05.30"]
[EventType "swiss"]
[EventCountry "NOR"]
[SourceTitle "playchess.com"]
[Source "ChessBase"]
[SourceQuality "1"]
[TimeControl "40/5400:1800"]

1. Nf3 d5 2. d4 Nf6 3. c4 dxc4 4. Nc3 a6 5. e4 b5 6. e5 Nd5 7. a4 Bb7 8. e6 fxe6 9. Be2 Nxc3 10. bxc3 Qd5 11. Ng5 Qxg2 12. Rf1 Nd7 13. Nxe6 Rc8 14. axb5 axb5 15. Be3 Nf6 16. Qb1 Bc6 17. Bf4 Nd5 18. Be5 Nxc3 19. Qf5 g6 20. Bxh8 gxf5 21. Bh5+ Qg6 22. Bxg6+ hxg6 23. Be5 b4 24. Nxc7+ Kf7 25. Kd2 Bg7 26. Bxg7 Kxg7 27. Ne6+ Kf6 28. Nc5 Rd8 29. Ke3 g5 30. Ra6 Rd6 31. h4 gxh4 32. f4 h3 33. Rf2 Nd1+ 0-1

[Event "Norwegian Team Championship 2019"]
[Site "Drammen"]
[Date "2019.05.31"]
[Round "2.6"]
[White "Nilsen, Joachim Birger"]
[Black "Markussen, Petter B"]
[Result "1-0"]
[ECO "E99"]
[WhiteElo "2401"]
[BlackElo "1882"]
[Annotator "ChessBase"]
[PlyCount "69"]
[EventDate "2019.05.30"]
[EventType "swiss"]
[EventCountry "NOR"]
[SourceTitle "playchess.com"]
[Source "ChessBase"]
[SourceQuality "1"]
[TimeControl "40/5400:1800"]

1. c4 Nf6 2. Nc3 g6 3. e4 d6 4. d4 Bg7 5. Be2 O-O 6. Nf3 e5 7. O-O Nc6 8. d5 Ne7 9. Ne1 Nd7 10. Be3 f5 11. f3 f4 12. Bf2 g5 13. Rc1 Ng6 14. Nb5 b6 15. b4 Rf7 16. c5 Nf6 17. cxd6 cxd6 18. Qc2 Ne8 19. a4 h5 20. h3 Bf8 21. a5 g4 22. fxg4 hxg4 23. Bxg4 Bxg4 24. hxg4 Qg5 25. axb6 Rh7 26. bxa7 Qh6 27. Bb6 Nf6 28. Kf2 Nxg4+ 29. Ke2 Qh2 30. Kd3 f3 31. Nxf3 Qg3 32. Kc3 Nf4 33. Kb2 Nxg2 34. Rg1 Qxf3 35. Qxg2 1-0

[Event "Norwegian Team Championship 2019"]
[Site "Drammen"]
[Date "2019.05.31"]
[Round "2.7"]
[White "Jakobsen, Kjetil Ansgar"]
[Black "Stokke, Kjetil"]
[Result "0-1"]
[ECO "B23"]
[WhiteElo "1842"]
[BlackElo "2343"]
[Annotator "ChessBase"]
[PlyCount "86"]
[EventDate "2019.05.30"]
[EventType "swiss"]
[EventCountry "NOR"]
[SourceTitle "playchess.com"]
[Source "ChessBase"]
[SourceQuality "1"]
[TimeControl "40/5400:1800"]

1. e4 c5 2. Nc3 g6 3. Bc4 Bg7 4. d3 Nc6 5. a3 e6 6. Ba2 Nge7 7. f4 d5 8. e5 b5 9. Nf3 Rb8 10. O-O a5 11. a4 b4 12. Nb5 O-O 13. c4 f6 14. cxd5 exd5 15. d4 c4 16. Bb1 Bf5 17. Be3 Qd7 18. Qe1 Na7 19. Nd6 Bxb1 20. Qxb1 Nac8 21. Nb5 Nb6 22. Nd6 Nec8 23. f5 Nxd6 24. exd6 g5 25. h4 Rfe8 26. Ne5 Qxd6 27. hxg5 fxe5 28. f6 exd4 29. Bxd4 Re4 30. Qd1 Rh4 31. Rf3 Nd7 32. fxg7 Re8 33. Bf6 Qc5+ 34. Rf2 Nxf6 35. gxf6 Rf4 36. Qd2 Rxf6 37. Raf1 Re5 38. g4 Rxf2 39. Rxf2 Qe3 40. Qxe3 Rxe3 41. Rf5 c3 42. bxc3 bxc3 43. Rxd5 c2 0-1

[Event "Norwegian Team Championship 2019"]
[Site "Drammen"]
[Date "2019.05.31"]
[Round "2.8"]
[White "Gullaksen, Eirik"]
[Black "Hanssen, Ken Runar"]
[Result "1-0"]
[ECO "D58"]
[WhiteElo "2327"]
[BlackElo "1594"]
[Annotator "ChessBase"]
[PlyCount "53"]
[EventDate "2019.05.30"]
[EventType "swiss"]
[EventCountry "NOR"]
[SourceTitle "playchess.com"]
[Source "ChessBase"]
[SourceQuality "1"]
[TimeControl "40/5400:1800"]

1. d4 Nf6 2. c4 e6 3. Nf3 d5 4. Nc3 b6 5. cxd5 exd5 6. Bg5 Be7 7. e3 h6 8. Bh4 O-O 9. Bd3 Be6 10. O-O Nbd7 11. Rc1 c5 12. b3 Re8 13. h3 Qb8 14. Bb5 Qb7 15. Ne5 Rac8 16. Qe2 c4 17. bxc4 a6 18. Nxd7 Nxd7 19. Bxd7 Qxd7 20. Bxe7 Rxe7 21. Nxd5 Bxd5 22. cxd5 b5 23. Qd3 Qb7 24. Rc5 Rd7 25. e4 f6 26. Rfc1 Rcd8 27. Qc3 1-0